 Dungeon Crawl Stone Soup version 0.22.1 (webtiles) character file.

747 Fang the Chopper (level 7, -1/66 HPs)
             Began as a Gargoyle Berserker on Sept 17, 2018.
             Was a Priest of Trog.
             Slain by an orc (2 damage)
             ... on level 4 of the Dungeon.
             The game lasted 00:05:05 (4727 turns).

Fang the Chopper (Gargoyle Berserker)               Turns: 4727, Time: 00:05:05

Health: -1/66      AC:  7    Str: 27    XL:     7   Next: 77%
Magic:  7/7        EV: 13    Int:  8    God:    Trog [***...]
Gold:   208        SH:  0    Dex:  9    Spells: 6/6 levels left

rFire    . . .     SeeInvis .   a - +0 hand axe
rCold    . . .     Gourm    .   (no shield)
rNeg     + . .     Faith    .   b - +0 animal skin
rPois    ∞         Spirit   .   (no helmet)
rElec    +         Reflect  .   (no cloak)
rCorr    .         Harm     .   (no gloves)
MR       .....                  (no boots)
Stlth    ..........             (no amulet)
HPRegen  0.21/turn              (no ring)
MPRegen  0.10/turn              (no ring)

@: berserking, slowed
A: negative energy resistance 1, electricity resistance, unbreathing,
petrification resistance, rot immunity, AC +4
a: Berserk, Trog's Hand, Renounce Religion


You were on level 4 of the Dungeon.
You worshipped Trog.
Trog was most pleased with you.
You were very hungry.

You visited 1 branch of the dungeon, and saw 4 of its levels.

You collected 208 gold pieces.

Inventory:

Hand Weapons
 a - a +0 hand axe (weapon)
Armour
 b - a +0 animal skin (worn)
Wands
 l - a wand of paralysis (15)
Scrolls
 d - 6 scrolls of identify {unknown}
 e - 2 scrolls of magic mapping {unknown}
 f - a scroll of blinking {unknown}
 g - a scroll of fear {unknown}
 j - a scroll of enchant weapon {unknown}
 n - 2 scrolls of remove curse {unknown}
 p - 2 scrolls of teleportation {unknown}
Potions
 h - 3 potions of lignification {unknown}
 i - 2 potions of ambrosia {unknown}
 k - a potion of heal wounds {unknown}
 m - 4 potions of curing {unknown}
 o - a potion of agility {unknown}
Comestibles
 c - 6 rations


   Skills:
 + Level 5.0 Fighting
 + Level 6.0 Axes
 + Level 2.3 Armour
 + Level 3.3 Dodging
 + Level 3.1 Stealth


You had 6 spell levels left.
You didn't know any spells.
Your spell library was empty.

Dungeon Overview and Level Annotations

Branches:
Dungeon (4/15)
 Temple: D:4-7

Altars:
Ru
Yredelemnul


Innate Abilities, Weirdness & Mutations

You are resistant to torment.
Your stone body is resilient. (AC +4)
You are immune to poison.
You resist negative energy. (rN+)
You are resistant to electric shocks. (rElec)
You can survive without breathing.
You are immune to petrification.
You are immune to rotting.


Message History

* * * LOW HITPOINT WARNING * * *
You closely miss the orc priest.
The orc priest is severely wounded.
You hit the orc but do no damage. The orc priest barely misses you.
The orc hits you but does no damage.
The orc priest hits you but does no damage.
Unknown command.
A red film seems to cover your vision as you go berserk!
You feel yourself moving faster!
You feel mighty!
You are feeling very hungry.
The orc closely misses you.
The orc priest hits you but does no damage.
The orc hits you.
* * * LOW HITPOINT WARNING * * *
You hit the orc priest.
You kill the orc priest!
Trog accepts your kill.
Your Fighting skill increases to level 5!
You completely miss the orc. The orc hits you.
You die...

#..######.#######.
#..# #.# .
#..######.#######.
#...............#.
#..########.###.#.
#..# ######.......
#..# .............
#.##..##.#########...
#..o@)...# #..#
####o#.### #######..#
#.#?# #.....)[..
#.#.# #.###.....
#.#.# #.#... #.#
####.###.#... #.#
............. #.#
####.###.#...
....>...##..


You could see an orc wizard and an orc.

Vanquished Creatures
  Sigmund (D:3)
  An ogre (D:4)
  A scorpion (D:4)
  A howler monkey (D:4)
  An orc priest (D:4)
  An orc wizard (D:4)
  Crazy Yiuf (D:3)
  An iguana (D:2)
  Natasha (thrice) (D:3)
  A worker ant (D:4)
  4 gnolls (D:4)
  10 adders
  2 oozes
  3 dart slugs
  2 leopard geckos (D:2)
  7 orcs
  3 bats
  5 giant cockroaches
  4 goblins
  7 hobgoblins
  4 jackals
  A quokka (D:2)
  2 frilled lizards (D:3)
  5 kobolds
  7 rats
78 creatures vanquished.

Notes
Turn   | Place    | Note
-------+----------+-------------------------------------------
     0 | D:1      | Fang the Gargoyle Berserker began the quest for the Orb.
     0 | D:1      | Reached XP level 1. HP: 14/14 MP: 1/1
   330 | D:1      | Reached XP level 2. HP: 18/19 MP: 2/2
   359 | D:1      | Reached skill level 3 in Axes
   441 | D:1      | You fall through a shaft!
   452 | D:2      | Reached XP level 3. HP: 16/24 MP: 3/3
   924 | D:2      | Reached XP level 4. HP: 22/29 MP: 4/4
  1077 | D:2      | Reached ** piety under Trog
  1227 | D:2      | Reached skill level 4 in Axes
  1506 | D:2      | Reached XP level 5. HP: 32/33 MP: 5/5
  2655 | D:3      | Noticed Sigmund
  2677 | D:3      | Killed Sigmund
  2677 | D:3      | Reached skill level 1 in Stealth
  2677 | D:3      | Reached XP level 6. HP: 39/39 MP: 6/6
  2759 | D:3      | Reached skill level 5 in Axes
  2920 | D:3      | Found a sacrificial altar of Ru.
  2920 | D:3      | Found a basalt altar of Yredelemnul.
  3035 | D:3      | Noticed Natasha
  3058 | D:3      | Killed Natasha
  3355 | D:3      | Noticed Natasha
  3361 | D:3      | Killed Natasha
  3500 | D:3      | Found a runed door.
  3560 | D:3      | Noticed Natasha
  3570 | D:3      | Killed Natasha
  3867 | D:3      | Noticed Crazy Yiuf
  3877 | D:3      | Killed Crazy Yiuf
  3967 | D:4      | Reached XP level 7. HP: 30/44 MP: 7/7
  4118 | D:4      | Reached *** piety under Trog
  4678 | D:4      | Found a sacrificial altar of Ru.
  4718 | D:4      | Reached skill level 6 in Axes
  4724 | D:4      | HP: 2/44 [orc wizard/magic dart (3)]
  4727 | D:4      | Reached skill level 5 in Fighting
  4727 | D:4      | Slain by an orc

Skill      XL: |  1  2  3  4  5  6  7 |
---------------+----------------------+-----
Axes           | 3 4 5 6 |  6.0
Fighting       | 4 5 |  5.0
Dodging        | 2 3 |  3.3
Stealth        | 1 2 3 |  3.1
Armour         | |  2.3

Action                   |  1- 3 |  4- 6 |  7- 9 || total
-------------------------+-------+-------+-------++-------
Melee: Hand axe          |    98 |   170 |    73 ||   341
Invok: Berserk           |     1 |     6 |     3 ||    10
 Stab: Sleeping          |     1 |     4 |     2 ||     7
  Eat: Chunk             |     1 |    10 |     6 ||    17
       Ration            |       |     1 |       ||     1
Armor: Animal skin       |    35 |    37 |    20 ||    92
Dodge: Dodged            |    78 |   106 |    53 ||   237
